[ AOE2 MATCH · #468800086 ]
UnrankedSpartans vs Gurjaras
[ REPLAY ANALYSIS · EXTRACTED FROM THE RECORDED GAME ]
Feudal
9:50
Castle
16:23
Imperial
32:00
| APM avg | 18.2 |
| APM peak | 38 |
| eAPM avg | 13.3 |
| Villagers / military | 90 / 14 |
Focus
⚔️ 20.0% · 🌾 80.0%
Unknown (2107) ×34 · Unknown (2110) ×11 · Militia ×6 · Archer ×4 · Unknown (2162) ×2 · Spearman ×1
Feudal
12:18
Castle
19:24
Imperial
32:51
| APM avg | 35.8 |
| APM peak | 71 |
| eAPM avg | 21.0 |
| Villagers / military | 154 / 20 |
Focus
⚔️ 15.2% · 🌾 84.8%
Knight ×20 · Unknown (2150) ×20 · Unknown (2101) ×5
Feudal
11:51
Castle
16:32
Imperial
31:55
| APM avg | 17.8 |
| APM peak | 31 |
| eAPM avg | 11.5 |
| Villagers / military | 127 / 54 |
Focus
⚔️ 25.6% · 🌾 74.4%
Berserk ×52 · Trebuchet (Packed) ×2
Feudal
12:25
Castle
29:04
Imperial
—
| APM avg | 2.6 |
| APM peak | 11 |
| eAPM avg | 2.2 |
| Villagers / military | 17 / 0 |
Focus
⚔️ 12.1% · 🌾 87.9%
Feudal
8:51
Castle
29:59
Imperial
—
| APM avg | 7.1 |
| APM peak | 18 |
| eAPM avg | 5.7 |
| Villagers / military | 17 / 72 |
Focus
⚔️ 34.9% · 🌾 65.1%
Militia ×60 · Spearman ×12 · Trade Cart ×4
Feudal
8:54
Castle
—
Imperial
—
| APM avg | 23.6 |
| APM peak | 37 |
| eAPM avg | 12.4 |
| Villagers / military | 45 / 93 |
Focus
⚔️ 34.0% · 🌾 66.0%
Militia ×57 · Archer ×34 · Scout Cavalry ×2
Match map
Initial resources + every placement click. Lines = walls · curves = elevation contours. ◆ gold · ⬟ stone · ● berries · ✦ relic · ◌ wall gap
Your base· Open — unwalled flank
Brninoo's base· Open — unwalled flank
Roble5's base· Open — 4t gap
Anonymous_Being3's base· Open — unwalled flank
RagingStorm4093's base· Open — unwalled flank
SombreSnow8222's base· Open — unwalled flank
Smoothed initial terrain · ◌ = detected wall gap · hover for details
Inputs per minute
— ARES - - Brninoo
Build order — ARES
First 150 of 262 actions detected
| 0:08 | Create | Villager (Male) |
| 0:08 | Create | Villager (Male) |
| 0:09 | Create | Villager (Male) |
| 0:09 | Create | Villager (Male) |
| 0:11 | Build | House |
| 0:15 | Build | House |
| 0:24 | Research | Loom |
| 0:58 | Create | Villager (Male) |
| 1:26 | Create | Villager (Male) |
| 1:29 | Build | Lumber Camp |
| 1:51 | Create | Villager (Male) |
| 1:58 | Create | Villager (Male) |
| 2:30 | Create | Villager (Male) |
| 2:40 | Build | House |
| 2:45 | Create | Villager (Male) |
| 3:21 | Create | Villager (Male) |
| 3:24 | Create | Villager (Male) |
| 3:34 | Create | Villager (Male) |
| 3:36 | Create | Villager (Male) |
| 4:00 | Create | Villager (Male) |
| 4:16 | Create | Villager (Male) |
| 4:19 | Build | Mill |
| 4:35 | Build | House |
| 4:41 | Create | Villager (Male) |
| 5:02 | Create | Villager (Male) |
| 5:02 | Create | Villager (Male) |
| 5:08 | Build | Mining Camp |
| 5:18 | Create | Villager (Male) |
| 5:18 | Create | Villager (Male) |
| 5:19 | Create | Villager (Male) |
| 5:36 | Build | House |
| 6:02 | Create | Villager (Male) |
| 6:02 | Create | Villager (Male) |
| 6:10 | Build | House |
| 6:30 | Create | Villager (Male) |
| 6:39 | Build | Farm |
| 6:44 | Create | Villager (Male) |
| 7:01 | Build | Farm |
| 7:02 | Create | Villager (Male) |
| 7:40 | Research | Feudal Age |
| 7:47 | Build | Mill |
| 7:55 | Create | Villager (Male) |
| 7:56 | Create | Villager (Male) |
| 8:27 | Build | Mining Camp |
| 8:43 | Create | Villager (Male) |
| 8:44 | Create | Villager (Male) |
| 8:48 | Create | Villager (Male) |
| 8:49 | Create | Villager (Male) |
| 8:49 | Create | Villager (Male) |
| 9:13 | Build | Farm |
| 9:40 | Build | Outpost |
| 9:50 | Age | Feudal Age |
| 9:51 | Build | House |
| 9:53 | Create | Villager (Male) |
| 9:55 | Create | Villager (Male) |
| 9:56 | Create | Villager (Male) |
| 10:15 | Build | Barracks |
| 10:25 | Create | Villager (Male) |
| 10:25 | Create | Villager (Male) |
| 10:35 | Create | Villager (Male) |
| 10:36 | Create | Villager (Male) |
| 11:00 | Build | Farm |
| 11:02 | Build | Farm |
| 11:09 | Build | House |
| 11:22 | Research | Town Watch |
| 11:38 | Build | House |
| 11:53 | Create | Unit 2162 |
| 12:00 | Create | Villager (Male) |
| 12:00 | Create | Villager (Male) |
| 12:10 | Build | Lumber Camp |
| 12:19 | Build | Market |
| 12:27 | Build | Farm |
| 12:58 | Build | Blacksmith |
| 13:03 | Build | House |
| 13:08 | Research | Man-at-Arms (upgrade) |
| 13:16 | Create | Villager (Male) |
| 13:17 | Create | Villager (Male) |
| 13:17 | Create | Villager (Male) |
| 13:23 | Build | Farm |
| 13:32 | Build | Farm |
| 13:43 | Research | Castle Age |
| 13:49 | Create | Unit 2162 |
| 13:58 | Research | Scale Mail Armor |
| 14:02 | Create | Militia |
| 14:02 | Create | Militia |
| 14:10 | Build | Farm |
| 14:22 | Build | Archery Range |
| 14:28 | Create | Militia |
| 14:39 | Research | Forging |
| 14:47 | Build | Barracks |
| 14:56 | Build | Farm |
| 15:00 | Build | Farm |
| 15:05 | Build | House |
| 15:26 | Create | Archer |
| 15:39 | Create | Villager (Male) |
| 15:42 | Build | Farm |
| 15:45 | Build | Farm |
| 15:52 | Create | Archer |
| 16:01 | Create | Spearman |
| 16:07 | Create | Archer |
| 16:13 | Build | Archery Range |
| 16:15 | Build | Farm |
| 16:20 | Create | Militia |
| 16:23 | Age | Castle Age |
| 16:23 | Create | Militia |
| 16:25 | Create | Militia |
| 16:31 | Research | Long Swordsman (upgrade) |
| 16:34 | Create | Unit 2110 |
| 16:41 | Create | Cavalry Archer |
| 17:00 | Build | Castle |
| 17:02 | Create | Villager (Male) |
| 17:03 | Create | Villager (Male) |
| 17:10 | Research | Crossbowman (upgrade) |
| 17:15 | Research | Crossbowman (upgrade) |
| 17:16 | Create | Archer |
| 17:24 | Build | Farm |
| 17:26 | Research | Horse Collar |
| 17:28 | Create | Villager (Male) |
| 17:31 | Build | Farm |
| 17:35 | Build | House |
| 17:37 | Build | House |
| 17:42 | Build | Farm |
| 17:48 | Create | Villager (Male) |
| 18:02 | Create | Unit 2110 |
| 18:02 | Create | Unit 2110 |
| 18:28 | Create | Villager (Male) |
| 18:34 | Create | Villager (Male) |
| 18:47 | Build | Town Center |
| 19:04 | Build | Siege Workshop |
| 19:24 | Research | Squires |
| 19:34 | Create | Unit 2107 |
| 19:34 | Create | Unit 2107 |
| 19:37 | Create | Unit 2107 |
| 19:37 | Create | Unit 2107 |
| 19:51 | Research | Fletching |
| 19:59 | Create | Villager (Male) |
| 19:59 | Create | Villager (Male) |
| 20:02 | Build | Farm |
| 20:05 | Build | Farm |
| 20:08 | Build | Farm |
| 20:34 | Build | Mining Camp |
| 20:43 | Create | Mangonel |
| 21:22 | Create | Villager (Male) |
| 21:23 | Create | Villager (Male) |
| 21:24 | Create | Villager (Male) |
| 21:26 | Create | Villager (Male) |
| 21:26 | Create | Villager (Male) |
| 21:30 | Build | Mining Camp |
| 21:33 | Research | Gold Mining |
| 21:35 | Research | Stone Mining |
Build order — Brninoo
First 150 of 331 actions detected
| 0:03 | Build | House |
| 0:05 | Build | House |
| 0:15 | Create | Villager (Male) |
| 0:15 | Create | Villager (Male) |
| 0:15 | Create | Villager (Male) |
| 0:16 | Create | Villager (Male) |
| 1:39 | Create | Villager (Male) |
| 1:39 | Create | Villager (Male) |
| 2:05 | Create | Villager (Male) |
| 2:12 | Create | Villager (Male) |
| 2:25 | Create | Villager (Male) |
| 2:37 | Build | Lumber Camp |
| 2:44 | Create | Villager (Male) |
| 3:03 | Create | Villager (Male) |
| 3:28 | Create | Villager (Male) |
| 3:39 | Create | Villager (Male) |
| 3:57 | Build | Lumber Camp |
| 4:03 | Research | Loom |
| 4:24 | Create | Villager (Male) |
| 4:27 | Create | Villager (Male) |
| 4:27 | Create | Villager (Male) |
| 4:27 | Create | Villager (Male) |
| 4:38 | Create | Villager (Male) |
| 4:56 | Build | House |
| 5:25 | Create | Villager (Male) |
| 5:26 | Create | Villager (Male) |
| 5:26 | Create | Villager (Male) |
| 5:34 | Build | House |
| 5:46 | Create | Villager (Male) |
| 6:25 | Create | Villager (Male) |
| 6:42 | Create | Villager (Male) |
| 6:43 | Create | Villager (Male) |
| 6:44 | Create | Villager (Male) |
| 6:49 | Create | Villager (Male) |
| 6:57 | Build | House |
| 6:59 | Create | Villager (Male) |
| 7:32 | Create | Villager (Male) |
| 7:32 | Create | Villager (Male) |
| 7:37 | Build | House |
| 7:39 | Create | Villager (Male) |
| 7:39 | Create | Villager (Male) |
| 7:50 | Create | Villager (Male) |
| 7:50 | Create | Villager (Male) |
| 7:51 | Create | Villager (Male) |
| 7:51 | Create | Villager (Male) |
| 8:17 | Create | Villager (Male) |
| 8:54 | Create | Villager (Male) |
| 8:54 | Create | Villager (Male) |
| 9:38 | Build | Mill |
| 10:08 | Research | Feudal Age |
| 10:09 | Research | Feudal Age |
| 10:10 | Create | Villager (Male) |
| 10:30 | Create | Villager (Male) |
| 10:38 | Build | Mill |
| 10:40 | Build | House |
| 10:44 | Build | House |
| 10:50 | Create | Villager (Male) |
| 11:02 | Build | Farm |
| 11:05 | Build | Farm |
| 11:20 | Create | Villager (Male) |
| 11:20 | Create | Villager (Male) |
| 11:36 | Create | Villager (Male) |
| 11:37 | Create | Villager (Male) |
| 11:45 | Build | Mining Camp |
| 11:52 | Create | Villager (Male) |
| 12:14 | Create | Villager (Male) |
| 12:15 | Create | Villager (Male) |
| 12:18 | Age | Feudal Age |
| 12:19 | Create | Villager (Male) |
| 12:29 | Build | Mill |
| 12:54 | Build | House |
| 13:06 | Create | Villager (Male) |
| 13:13 | Build | Mining Camp |
| 13:18 | Build | Mining Camp |
| 13:26 | Create | Villager (Male) |
| 13:32 | Build | Lumber Camp |
| 13:44 | Build | Farm |
| 13:45 | Build | Farm |
| 13:45 | Build | Farm |
| 13:48 | Build | Farm |
| 13:51 | Create | Villager (Male) |
| 13:52 | Create | Villager (Male) |
| 14:15 | Create | Villager (Male) |
| 14:19 | Create | Villager (Male) |
| 14:19 | Create | Villager (Male) |
| 14:29 | Build | Farm |
| 14:35 | Research | Wheelbarrow |
| 14:50 | Build | Blacksmith |
| 15:01 | Build | Barracks |
| 15:21 | Create | Villager (Male) |
| 15:22 | Create | Villager (Male) |
| 15:25 | Create | Villager (Male) |
| 15:25 | Create | Villager (Male) |
| 15:26 | Create | Villager (Male) |
| 15:28 | Create | Villager (Male) |
| 15:29 | Create | Villager (Male) |
| 15:29 | Create | Villager (Male) |
| 15:47 | Build | House |
| 15:49 | Build | House |
| 15:50 | Build | House |
| 15:50 | Build | House |
| 15:58 | Build | Stable |
| 16:04 | Create | Villager (Male) |
| 16:14 | Research | Double-Bit Axe |
| 16:14 | Research | Double-Bit Axe |
| 16:15 | Research | Horse Collar |
| 16:16 | Research | Gold Mining |
| 16:17 | Research | Stone Mining |
| 16:25 | Build | Farm |
| 16:27 | Build | Farm |
| 16:30 | Build | Farm |
| 16:33 | Build | Farm |
| 16:34 | Create | Villager (Male) |
| 16:44 | Research | Castle Age |
| 16:55 | Build | Barracks |
| 16:59 | Create | Villager (Male) |
| 16:59 | Create | Villager (Male) |
| 17:00 | Create | Villager (Male) |
| 17:03 | Create | Villager (Male) |
| 17:11 | Create | Villager (Male) |
| 19:24 | Age | Castle Age |
| 19:39 | Build | Blacksmith |
| 19:44 | Build | Blacksmith |
| 19:53 | Research | Bloodlines |
| 19:55 | Research | Forging |
| 20:01 | Research | Hand Cart |
| 20:02 | Research | Hand Cart |
| 20:03 | Research | Tech 1195 |
| 20:08 | Build | Town Center |
| 20:21 | Create | Villager (Male) |
| 20:24 | Create | Villager (Male) |
| 21:10 | Create | Villager (Male) |
| 21:18 | Build | Town Center |
| 21:25 | Create | Villager (Male) |
| 21:25 | Create | Villager (Male) |
| 21:42 | Build | Castle |
| 21:51 | Create | Villager (Male) |
| 21:51 | Create | Villager (Male) |
| 21:52 | Create | Villager (Male) |
| 21:52 | Create | Villager (Male) |
| 21:54 | Create | Villager (Male) |
| 21:55 | Create | Villager (Male) |
| 21:55 | Create | Villager (Male) |
| 22:02 | Create | Villager (Male) |
| 22:03 | Create | Villager (Male) |
| 22:06 | Build | Farm |
| 22:06 | Create | Villager (Male) |
| 22:07 | Create | Villager (Male) |
| 22:07 | Create | Villager (Male) |
| 22:11 | Create | Villager (Male) |
Build order — Roble5
First 150 of 276 actions detected
| 0:08 | Build | House |
| 0:10 | Build | House |
| 0:25 | Build | House |
| 0:30 | Build | House |
| 0:41 | Create | Villager (Male) |
| 0:41 | Create | Villager (Male) |
| 0:41 | Create | Villager (Male) |
| 0:57 | Create | Villager (Male) |
| 1:12 | Create | Villager (Male) |
| 2:49 | Create | Villager (Male) |
| 2:49 | Create | Villager (Male) |
| 2:51 | Create | Villager (Male) |
| 3:02 | Create | Villager (Male) |
| 3:02 | Create | Villager (Male) |
| 3:02 | Create | Villager (Male) |
| 3:40 | Build | Lumber Camp |
| 3:51 | Create | Villager (Male) |
| 3:51 | Create | Villager (Male) |
| 4:18 | Create | Villager (Male) |
| 5:55 | Create | Villager (Male) |
| 5:56 | Create | Villager (Male) |
| 6:01 | Create | Villager (Male) |
| 6:01 | Create | Villager (Male) |
| 7:25 | Create | Villager (Male) |
| 7:26 | Create | Villager (Male) |
| 7:28 | Create | Villager (Male) |
| 7:40 | Create | Villager (Male) |
| 8:00 | Build | House |
| 8:12 | Build | House |
| 8:16 | Create | Villager (Male) |
| 8:25 | Build | Mill |
| 8:36 | Build | Mill |
| 9:16 | Create | Villager (Male) |
| 9:18 | Research | Feudal Age |
| 9:40 | Create | Villager (Male) |
| 9:46 | Create | Villager (Male) |
| 9:53 | Create | Villager (Male) |
| 9:57 | Create | Villager (Male) |
| 10:04 | Create | Villager (Male) |
| 10:09 | Build | Farm |
| 10:12 | Build | Farm |
| 10:34 | Create | Villager (Male) |
| 11:09 | Build | Palisade Wall |
| 11:18 | Build | House |
| 11:42 | Create | Villager (Male) |
| 11:42 | Create | Villager (Male) |
| 11:46 | Build | Farm |
| 11:49 | Build | Farm |
| 11:51 | Age | Feudal Age |
| 12:13 | Build | Blacksmith |
| 12:20 | Build | Market |
| 12:46 | Build | Barracks |
| 13:11 | Build | Palisade Wall |
| 13:22 | Build | House |
| 13:23 | Build | House |
| 13:33 | Build | Farm |
| 13:35 | Build | Farm |
| 13:37 | Build | Farm |
| 13:44 | Build | Farm |
| 13:46 | Build | Farm |
| 13:52 | Research | Castle Age |
| 13:54 | Create | Villager (Male) |
| 13:54 | Create | Villager (Male) |
| 13:57 | Create | Villager (Male) |
| 13:57 | Create | Villager (Male) |
| 14:34 | Build | Palisade Wall |
| 14:52 | Research | Horse Collar |
| 14:54 | Research | Double-Bit Axe |
| 15:14 | Create | Villager (Male) |
| 15:30 | Build | Palisade Wall |
| 16:20 | Build | Archery Range |
| 16:25 | Create | Villager (Male) |
| 16:25 | Create | Villager (Male) |
| 16:26 | Create | Villager (Male) |
| 16:26 | Create | Villager (Male) |
| 16:26 | Create | Villager (Male) |
| 16:30 | Create | Villager (Male) |
| 16:32 | Age | Castle Age |
| 16:33 | Research | Loom |
| 16:56 | Build | Town Center |
| 17:20 | Build | Palisade Wall |
| 17:25 | Create | Villager (Male) |
| 17:26 | Create | Villager (Male) |
| 17:26 | Create | Villager (Male) |
| 17:27 | Create | Villager (Male) |
| 17:29 | Create | Villager (Male) |
| 17:29 | Create | Villager (Male) |
| 17:46 | Build | Town Center |
| 18:06 | Build | Palisade Wall |
| 18:22 | Build | Palisade Wall |
| 18:40 | Create | Villager (Male) |
| 18:41 | Create | Villager (Male) |
| 18:42 | Create | Villager (Male) |
| 18:42 | Create | Villager (Male) |
| 18:42 | Create | Villager (Male) |
| 18:43 | Create | Villager (Male) |
| 18:43 | Create | Villager (Male) |
| 18:43 | Create | Villager (Male) |
| 19:23 | Build | Farm |
| 19:25 | Build | Farm |
| 19:42 | Build | Lumber Camp |
| 19:48 | Build | Farm |
| 19:52 | Build | Farm |
| 19:55 | Create | Villager (Male) |
| 19:56 | Create | Villager (Male) |
| 19:56 | Create | Villager (Male) |
| 19:56 | Create | Villager (Male) |
| 19:57 | Create | Villager (Male) |
| 19:57 | Create | Villager (Male) |
| 19:57 | Create | Villager (Male) |
| 19:58 | Create | Villager (Male) |
| 19:58 | Create | Villager (Male) |
| 19:58 | Create | Villager (Male) |
| 19:59 | Create | Villager (Male) |
| 19:59 | Create | Villager (Male) |
| 19:59 | Create | Villager (Male) |
| 20:14 | Build | Farm |
| 20:15 | Build | Farm |
| 20:16 | Build | Farm |
| 20:23 | Create | Villager (Male) |
| 20:23 | Create | Villager (Male) |
| 20:55 | Build | House |
| 20:57 | Build | House |
| 20:59 | Build | House |
| 21:20 | Create | Villager (Male) |
| 21:21 | Create | Villager (Male) |
| 21:21 | Create | Villager (Male) |
| 21:21 | Create | Villager (Male) |
| 21:23 | Create | Villager (Male) |
| 21:45 | Build | Palisade Wall |
| 22:19 | Build | House |
| 22:21 | Build | House |
| 22:26 | Build | House |
| 22:28 | Build | House |
| 22:42 | Create | Villager (Male) |
| 22:43 | Create | Villager (Male) |
| 22:43 | Create | Villager (Male) |
| 22:43 | Create | Villager (Male) |
| 22:45 | Create | Villager (Male) |
| 22:46 | Create | Villager (Male) |
| 22:46 | Create | Villager (Male) |
| 22:46 | Create | Villager (Male) |
| 22:47 | Create | Villager (Male) |
| 22:47 | Create | Villager (Male) |
| 22:47 | Create | Villager (Male) |
| 22:48 | Create | Villager (Male) |
| 23:04 | Build | Farm |
| 23:08 | Build | Farm |
| 23:36 | Build | House |
| 23:40 | Build | House |
Build order — Anonymous_Being3
53 actions detected in the replay
| 0:32 | Build | Mining Camp |
| 1:32 | Create | Villager (Male) |
| 1:32 | Create | Villager (Male) |
| 1:34 | Create | Villager (Male) |
| 1:36 | Create | Villager (Male) |
| 2:45 | Build | House |
| 2:52 | Build | House |
| 2:54 | Build | House |
| 2:58 | Build | House |
| 4:04 | Build | Mill |
| 8:54 | Build | Lumber Camp |
| 10:15 | Research | Feudal Age |
| 10:48 | Create | Villager (Male) |
| 11:41 | Create | Villager (Male) |
| 11:42 | Create | Villager (Male) |
| 12:25 | Age | Feudal Age |
| 12:59 | Research | Wheelbarrow |
| 14:34 | Build | Barracks |
| 16:05 | Create | Villager (Male) |
| 16:06 | Create | Villager (Male) |
| 17:34 | Build | Watch Tower |
| 18:07 | Build | Archery Range |
| 19:46 | Build | Farm |
| 19:55 | Build | Farm |
| 20:07 | Build | Farm |
| 21:48 | Build | Barracks |
| 22:07 | Create | Villager (Male) |
| 22:07 | Create | Villager (Male) |
| 24:35 | Build | Market |
| 25:25 | Build | Stable |
| 26:08 | Research | Arson |
| 26:12 | Research | Man-at-Arms (upgrade) |
| 26:24 | Research | Castle Age |
| 27:30 | Build | Farm |
| 27:48 | Build | Farm |
| 28:08 | Build | Farm |
| 28:30 | Build | Lumber Camp |
| 28:42 | Create | Villager (Male) |
| 28:43 | Create | Villager (Male) |
| 28:44 | Create | Villager (Male) |
| 28:46 | Create | Villager (Male) |
| 29:04 | Age | Castle Age |
| 30:14 | Build | Mining Camp |
| 30:40 | Build | Farm |
| 30:43 | Build | Farm |
| 31:43 | Research | Gold Mining |
| 31:44 | Research | Stone Mining |
| 31:49 | Research | Double-Bit Axe |
| 32:58 | Create | Villager (Male) |
| 32:59 | Create | Villager (Male) |
| 33:05 | Research | Hand Cart |
| 34:22 | Build | Blacksmith |
| 35:20 | Build | Siege Workshop |
Build order — RagingStorm4093
85 actions detected in the replay
| 1:26 | Build | Mill |
| 1:33 | Build | Mining Camp |
| 2:29 | Create | Villager (Male) |
| 2:29 | Create | Villager (Male) |
| 2:30 | Create | Villager (Male) |
| 2:30 | Create | Villager (Male) |
| 2:43 | Create | Villager (Male) |
| 6:41 | Research | Feudal Age |
| 7:17 | Build | House |
| 8:51 | Age | Feudal Age |
| 8:56 | Create | Villager (Male) |
| 8:57 | Create | Villager (Male) |
| 8:57 | Create | Villager (Male) |
| 9:41 | Research | Town Watch |
| 9:44 | Research | Wheelbarrow |
| 9:46 | Research | Loom |
| 10:37 | Build | Lumber Camp |
| 11:13 | Build | House |
| 11:40 | Create | Villager (Male) |
| 11:41 | Create | Villager (Male) |
| 11:50 | Create | Villager (Male) |
| 11:50 | Create | Villager (Male) |
| 11:50 | Create | Villager (Male) |
| 12:45 | Build | Outpost |
| 12:47 | Build | Outpost |
| 14:10 | Build | House |
| 14:12 | Build | House |
| 14:14 | Build | House |
| 14:18 | Build | House |
| 14:21 | Build | House |
| 14:28 | Build | House |
| 16:31 | Build | House |
| 16:32 | Build | House |
| 17:00 | Research | Double-Bit Axe |
| 17:30 | Build | Barracks |
| 18:35 | Build | Blacksmith |
| 19:03 | Research | Forging |
| 19:05 | Research | Fletching |
| 19:15 | Research | Horse Collar |
| 19:21 | Create | Militia ×5 |
| 19:21 | Create | Militia ×5 |
| 19:54 | Research | Man-at-Arms (upgrade) |
| 19:55 | Create | Militia ×5 |
| 19:56 | Create | Militia ×5 |
| 20:09 | Build | Barracks |
| 20:35 | Research | Scale Mail Armor |
| 21:05 | Create | Militia ×5 |
| 21:06 | Create | Militia ×4 |
| 21:09 | Create | Militia ×5 |
| 21:09 | Create | Militia ×5 |
| 21:11 | Research | Arson |
| 21:46 | Build | Market |
| 21:56 | Create | Spearman ×5 |
| 21:56 | Create | Spearman |
| 22:02 | Create | Spearman ×5 |
| 22:02 | Create | Spearman |
| 22:30 | Create | Militia ×5 |
| 22:42 | Create | Trade Cart |
| 22:43 | Create | Trade Cart |
| 23:25 | Build | Mill |
| 23:38 | Create | Villager (Male) |
| 23:38 | Create | Villager (Male) |
| 24:55 | Build | Farm |
| 24:55 | Build | Farm |
| 24:56 | Build | Farm |
| 25:01 | Create | Villager (Male) |
| 25:22 | Create | Militia |
| 25:22 | Create | Militia |
| 27:19 | Research | Castle Age |
| 27:34 | Build | House |
| 27:35 | Build | House |
| 27:36 | Build | House |
| 27:37 | Build | House |
| 27:40 | Build | House |
| 28:14 | Build | Farm |
| 28:55 | Create | Militia ×5 |
| 28:56 | Create | Militia ×2 |
| 28:56 | Create | Militia ×2 |
| 29:05 | Create | Trade Cart |
| 29:05 | Create | Trade Cart |
| 29:23 | Create | Villager (Male) |
| 29:59 | Age | Castle Age |
| 30:08 | Build | Farm |
| 34:32 | Research | Long Swordsman (upgrade) |
| 34:34 | Create | Militia ×5 |
Build order — SombreSnow8222
First 150 of 210 actions detected
| 0:08 | Research | Loom |
| 0:09 | Create | Villager (Male) |
| 0:09 | Create | Villager (Male) |
| 0:10 | Create | Villager (Male) |
| 0:10 | Create | Villager (Male) |
| 0:10 | Create | Villager (Male) |
| 0:13 | Build | House |
| 1:33 | Create | Villager (Male) |
| 1:54 | Create | Villager (Male) |
| 2:29 | Build | House |
| 2:39 | Create | Villager (Male) |
| 2:40 | Create | Villager (Male) |
| 3:03 | Create | Villager (Male) |
| 3:19 | Create | Villager (Male) |
| 3:20 | Create | Villager (Male) |
| 3:46 | Build | Lumber Camp |
| 3:55 | Build | House |
| 4:01 | Create | Villager (Male) |
| 4:02 | Create | Villager (Male) |
| 6:05 | Create | Villager (Male) |
| 6:14 | Create | Villager (Male) |
| 6:20 | Build | Mill |
| 6:33 | Create | Villager (Male) |
| 6:34 | Create | Villager (Male) |
| 6:44 | Research | Feudal Age |
| 7:36 | Build | House |
| 7:37 | Build | House |
| 8:54 | Age | Feudal Age |
| 9:00 | Research | Double-Bit Axe |
| 9:05 | Create | Villager (Male) |
| 9:05 | Create | Villager (Male) |
| 9:09 | Create | Villager (Male) |
| 9:10 | Create | Villager (Male) |
| 9:16 | Research | Horse Collar |
| 9:16 | Research | Horse Collar |
| 10:26 | Build | Barracks |
| 10:31 | Research | Wheelbarrow |
| 10:33 | Research | Town Watch |
| 11:53 | Research | Man-at-Arms (upgrade) |
| 12:04 | Build | Archery Range |
| 12:11 | Create | Villager (Male) |
| 12:11 | Create | Villager (Male) |
| 12:15 | Create | Villager (Male) |
| 12:15 | Create | Villager (Male) |
| 12:33 | Create | Militia |
| 12:33 | Create | Militia |
| 12:33 | Create | Militia |
| 12:34 | Create | Militia |
| 12:34 | Create | Militia |
| 13:19 | Create | Militia |
| 13:24 | Create | Militia |
| 13:27 | Create | Archer |
| 13:27 | Create | Archer |
| 13:27 | Create | Archer |
| 13:28 | Create | Archer |
| 13:32 | Build | Stable |
| 13:36 | Create | Villager (Male) |
| 13:36 | Create | Villager (Male) |
| 14:33 | Create | Scout Cavalry |
| 14:35 | Build | House |
| 14:45 | Build | House |
| 14:46 | Build | House |
| 15:27 | Research | Bloodlines |
| 16:00 | Create | Scout Cavalry |
| 16:01 | Create | Archer |
| 16:02 | Create | Archer |
| 16:10 | Create | Militia |
| 16:11 | Create | Militia |
| 16:15 | Build | Barracks |
| 16:20 | Build | Farm |
| 16:34 | Create | Militia |
| 16:38 | Create | Archer |
| 16:38 | Create | Archer |
| 17:36 | Build | Mill |
| 17:47 | Build | Farm |
| 17:48 | Build | Farm |
| 17:51 | Build | Farm |
| 17:59 | Create | Militia |
| 18:09 | Build | Barracks |
| 18:11 | Build | Barracks |
| 18:26 | Build | Lumber Camp |
| 18:43 | Create | Militia |
| 18:43 | Create | Militia |
| 18:44 | Create | Militia |
| 18:55 | Create | Archer |
| 18:55 | Create | Archer |
| 18:55 | Create | Archer |
| 18:56 | Create | Archer |
| 18:56 | Create | Archer |
| 18:56 | Create | Archer |
| 18:57 | Create | Archer |
| 19:49 | Create | Militia |
| 19:50 | Create | Militia |
| 19:50 | Create | Militia |
| 19:50 | Create | Militia |
| 19:51 | Create | Militia |
| 19:51 | Create | Militia |
| 19:52 | Create | Militia |
| 19:55 | Create | Archer |
| 19:55 | Create | Archer |
| 19:55 | Create | Archer |
| 20:46 | Build | Mining Camp |
| 20:50 | Create | Villager (Male) |
| 20:50 | Create | Villager (Male) |
| 21:23 | Create | Villager (Male) |
| 21:23 | Create | Villager (Male) |
| 21:32 | Create | Militia |
| 21:33 | Create | Militia |
| 21:39 | Build | House |
| 21:41 | Build | House |
| 21:43 | Build | House |
| 22:42 | Create | Militia |
| 22:42 | Create | Militia |
| 22:43 | Create | Militia |
| 22:44 | Create | Militia |
| 23:33 | Build | Farm |
| 23:36 | Build | Farm |
| 23:41 | Create | Militia |
| 23:41 | Create | Militia |
| 23:42 | Create | Militia |
| 23:43 | Create | Militia |
| 24:12 | Create | Militia |
| 24:12 | Create | Militia |
| 24:34 | Build | Blacksmith |
| 24:43 | Create | Villager (Male) |
| 24:43 | Create | Villager (Male) |
| 24:46 | Research | Gold Mining |
| 25:09 | Create | Militia |
| 25:09 | Create | Militia |
| 25:10 | Create | Militia |
| 25:10 | Create | Militia |
| 25:32 | Build | Farm |
| 25:33 | Build | Farm |
| 26:15 | Research | Forging |
| 26:15 | Research | Scale Mail Armor |
| 26:16 | Research | Fletching |
| 26:17 | Research | Padded Archer Armor |
| 26:37 | Build | Barracks |
| 26:39 | Build | Archery Range |
| 27:11 | Build | Farm |
| 27:29 | Create | Militia |
| 27:29 | Create | Militia |
| 27:30 | Create | Militia |
| 27:30 | Create | Militia |
| 27:30 | Create | Militia |
| 27:30 | Create | Militia |
| 27:37 | Build | Farm |
| 28:03 | Create | Archer |
| 28:04 | Create | Archer |
| 28:04 | Create | Archer |
Match timeline
| 8:51 | RagingStorm4093 · age_up feudal |
| 8:54 | SombreSnow8222 · age_up feudal |
| 9:50 | ARES · age_up feudal |
| 10:15 | ARES · first_building Barracks |
| 10:26 | SombreSnow8222 · first_building Barracks |
| 11:09 | Roble5 · wall_segment Palisade Wall x14 |
| 11:51 | Roble5 · age_up feudal |
| 12:04 | SombreSnow8222 · first_building Archery Range |
| 12:18 | Brninoo · age_up feudal |
| 12:25 | Anonymous_Being3 · age_up feudal |
| 12:46 | Roble5 · first_building Barracks |
| 13:11 | Roble5 · wall_segment Palisade Wall x13 |
| 13:32 | SombreSnow8222 · first_building Stable |
| 14:22 | ARES · first_building Archery Range |
| 14:34 | Roble5 · wall_segment Palisade Wall x12 |
| 14:34 | Anonymous_Being3 · first_building Barracks |
| 15:01 | Brninoo · first_building Barracks |
| 15:30 | Roble5 · wall_segment Palisade Wall x11 |
| 15:58 | Brninoo · first_building Stable |
| 16:20 | Roble5 · first_building Archery Range |
| 16:23 | ARES · age_up castle |
| 16:32 | Roble5 · age_up castle |
| 17:00 | ARES · first_building Castle |
| 17:20 | Roble5 · wall_segment Palisade Wall x11 |
| 17:30 | RagingStorm4093 · first_building Barracks |
| 18:06 | Roble5 · wall_segment Palisade Wall x4 |
| 18:07 | Anonymous_Being3 · first_building Archery Range |
| 18:22 | Roble5 · wall_segment Palisade Wall x10 |
| 19:04 | ARES · first_building Siege Workshop |
| 19:24 | Brninoo · age_up castle |
| 21:42 | Brninoo · first_building Castle |
| 21:45 | Roble5 · wall_segment Palisade Wall x10 |
| 25:14 | Roble5 · first_building Castle |
| 25:25 | Anonymous_Being3 · first_building Stable |
| 27:00 | RagingStorm4093 · first_market_sell 100 stone |
| 27:06 | RagingStorm4093 · first_market_buy 500 food |
| 28:00 | ARES · first_building Monastery |
| 29:04 | Anonymous_Being3 · age_up castle |
| 29:59 | RagingStorm4093 · age_up castle |
| 31:55 | Roble5 · age_up imperial |
| 32:00 | ARES · age_up imperial |
| 32:51 | Brninoo · age_up imperial |
| 33:31 | ARES · first_market_sell 100 wood |
| 35:14 | RagingStorm4093 · resign |
| 35:20 | Anonymous_Being3 · first_building Siege Workshop |
[ AI ANALYSIS · 1 CREDIT ]
What really happened in this match?
Wolo.gg analyzes every decision: build order, eco, micro, common mistakes by bracket. Personalized analysis on WhatsApp or Discord in 30 seconds.
Civ guide
Spartans
Map guide
MegaRandom
Perfil
Jugador #272258